 Dungeon Crawl Stone Soup version 0.31-a0-1172-g9944ec47dd (webtiles) character file.

Game seed: 4650149497102795631

43 backslashecho the Changeling (level 4, 0/36 HPs)
             Began as a Meteoran Shapeshifter on Dec 10, 2023.
             Slain by a hobgoblin
             ... wielding a +0 spear
              (6 damage)
             ... on level 3 of the Dungeon.
             The game lasted 00:02:25 (542 turns).

backslashecho the Changeling (Meteoran Shapeshifter) Turns: 542, Time: 00:02:26

Health: 0/36       AC:  2    Str: 15    XL:     4   Next: 6%
Magic:  5/5        EV: 18    Int: 12    God:
Gold:   69         SH:  0    Dex: 15    Spells: 3/3 levels left

rFire   . .          .
                       - Unarmed
rCold   . . .        (no shield)
rNeg    . . .        a - +0 animal skin
rPois   .            (helmet currently unavailable)
rElec   .            (cloak currently unavailable)
rCorr   .            (gloves currently unavailable)
SInv    .            (boots currently unavailable)
Will    .....        (no amulet)
Stlth   +            e - +5 ring of evasion
HPRegen 0.26/turn    (no ring)
MPRegen 0.09/turn

%: no passive effects
@: beast-form, glowing
A: beast (slay +2), sense surroundings 1, otherworldly, glowing, explore regen
a: Begin Untransformation


You were on level 3 of the Dungeon.
You were a hulking beast.
You visited 1 branch of the dungeon, and saw 3 of its levels.

You collected 69 gold pieces.

Inventory:

Armour
 a - a +0 animal skin (worn)
Jewellery
 e - a +5 ring of evasion (left hand)
Talismans
 c - a beast talisman
 d - a flux talisman
Scrolls
 f - 2 scrolls of identify {unknown}
 g - a scroll of brand weapon {unknown}
 j - a scroll of noise {unknown}
Potions
 b - 3 potions of lignification
 h - a potion of curing {unknown}
 i - a potion of degeneration {unknown}


   Skills:
 + Level 2.0 Fighting
 + Level 2.8 Dodging
 + Level 4.1 Unarmed Combat
 + Level 4.1 Shapeshifting


You had 3 spell levels left.
You didn't know any spells.
Your spell library was empty.

Dungeon Overview and Level Annotations

Branches:
Dungeon (3/15) Zot: 1263

Altars:
Qazlal


Innate Abilities, Weirdness & Mutations

You are a hulking beast.
Your limbs bulge with bestial killing power. (Slay +2)
You passively map a small area around you.
You are easily found by Zot.
You glow in the dark.
You regain HP and MP as you explore.


Message History

You take 2 damage, and have 19/29 hp.
You hit the adder.
The adder is almost dead.
You feel sick. The adder misses you. The goblin hits you with a +0 dagger.
The hobgoblin closely misses you.
You take 2 damage, and have 17/29 hp.
You hit the adder.
You kill the adder!
The goblin hits you with a +0 dagger.
Your Fighting skill increases to level 2!
You have reached level 4!
You regained 2 hp, and now have 19/36 hp.
MP restored: 5 You feel sick.
You are no longer poisoned.
The hobgoblin attacks as it pursues you!
The hobgoblin closely misses you. The goblin closely misses you.
You barely miss the goblin. You hit the goblin.
You kill the goblin!
The hobgoblin hits you from afar with a +0 spear.
You take 4 damage, and have 16/36 hp.
You punch the frilled lizard!
You kill the frilled lizard!
The hobgoblin closely misses you. The hobgoblin hits you with a +0 spear.
Things that are here:
a +0 dagger; a goblin corpse You take 6 damage, and have 11/36 hp.
You barely miss the hobgoblin. The hobgoblin closely misses you.
You barely miss the hobgoblin. The hobgoblin misses you.
You hit the hobgoblin.
The hobgoblin is moderately wounded.
The hobgoblin hits you with a +0 spear.
* * * LOW HITPOINT WARNING * * *
You take 1 damage, and have 10/36 hp.
Found a stone staircase leading down.
The hobgoblin completely misses you.
Okay, then.
Okay, then.
Okay, then.
Unknown command.
The hobgoblin hits you with a +0 spear.
* * * LOW HITPOINT WARNING * * *
Things that are here:
a +0 dagger; a goblin corpse You take 5 damage, and have 6/36 hp.
You barely miss the hobgoblin.
The hobgoblin is moderately wounded.
The hobgoblin hits you with a +0 spear.
You die...

* * ,
#########
.>...... , *
,* , ......
,,* * ,
#...########*
* #..........
#,
*#....###### *
* #.
#gh........ ,
*#.
#.#..######
#.? #.#..# ,
#..##.#..# *
#.##.....#..#
,
,....:.......#
............#
..........#.#
.S........#.#


You could see a hobgoblin.

Vanquished Creatures
  3 adders
  4 bats
  2 endoplasms
  A giant cockroach (D:1)
  A goblin (D:3)
  2 frilled lizards
  3 kobolds
16 creatures vanquished.

Notes
Turn   | Place    | Note
-------+----------+-------------------------------------------
     0 | D:1      | backslashecho the Meteoran Shapeshifter began the quest for
                  | the Orb.
     0 | D:1      | Reached XP level 1. HP: 16/16 MP: 2/2
   180 | D:1      | Reached XP level 2. HP: 19/23 MP: 3/3
   249 | D:2      | Reached XP level 3. HP: 16/29 MP: 4/4
   480 | D:3      | Found a stormy altar of Qazlal.
   531 | D:3      | Reached XP level 4. HP: 19/36 MP: 5/5
   542 | D:3      | Slain by a hobgoblin

Illustrated notes

Levels and vault maps discovered:
D:1:      ldierk_walled_garden, layout_basic, dk_noncrumbling_3
D:2:      layout_rooms
D:3:      layout_basic, nicolae_overflow_crystal_walls, uniq_sigmund

Skill      XL: |  1  2  3 |
---------------+----------+-----
Unarmed Combat | 4 |  4.1
Shapeshifting  | 4 |  4.1
Fighting       | 2 |  2.0
Dodging        | |  2.8

Action                     |  1- 3 |  4- 6 || total
---------------------------+-------+-------++-------
  Melee: Unarmed           |    66 |     7 ||    73
 Armour: Animal skin       |    23 |     5 ||    28
  Dodge: Dodged            |    74 |     6 ||    80

Table legend: (Time is in decaauts)
 A = Elapsed time spent in this place.
 B = Non-inter-level travel time spent in this place.
 C = Inter-level travel time spent in this place.
 D = Time resting spent in this place.
 E = Time spent auto-exploring this place.
 F = Levels seen in this place.
 G = Mean time per level.
                   A        B        C        D        E       F      G
               +--------+--------+--------+--------+--------+-----+--------+
         Total |    536 |    536 |      0 |      0 |    181 |   3 |  178.7 |
       Dungeon |    536 |    536 |      0 |      0 |    181 |   3 |  178.7 |
               +--------+--------+--------+--------+--------+-----+--------+

Top non-repeatable levels by time:
     D:3: 219 daAuts
     D:1: 191 daAuts
     D:2: 125 daAuts
